Red Wings vs Penguins
Created - January 7, 2018 at 21:12
Goals
|
Red Wings |
1 |
0 |
2 |
3 |
Penguins |
1 |
1 |
0 |
2 |
|
Shots
|
Red Wings |
8 |
12 |
8 |
28 |
Penguins |
14 |
9 |
14 |
37 |
|
1st period
1. Red Wings , Sean Bergenheim 9 (Tyler Johnson 14) at 2:03
2. Penguins , Max Pacioretty 9 (Brayden Schenn 7, Brian McGrattan 6) at 9:46
Penalties :
Steve Downie (Pit) for Goalie Interference (Minor) at 11:43, Paul Ranger (Pit) for Diving (Minor) at 15:33, Keith Aulie (Pit) for Goalie Interference (Minor) at 0:00
2nd period
3. Penguins , Simon Gagné 7 (Paul Ranger 6, Eric Gryba 8) at 4:51
Penalties :
Nino Niederreiter (Det) for Tripping (Minor) at 6:47, Brian McGrattan (Pit) for Holding (Minor) at 11:57, Paul Ranger (Pit) for Slashing (Minor) at 17:56
3rd period
4. Red Wings , Robert Dome 1 (Brent Seabrook 21, Nate Thompson 5) at 7:28
5. Red Wings , Ole-Kristian Tollefsen 5 (Sean Bergenheim 13, Michal Neuvirth) at 13:35 (PP)
Penalties :
Bobby Ryan (Pit) for High sticking (Minor) at 3:46, Adam Henrique (Det) for Checking from behind (Minor) at 8:42, Andrew Cogliano (Pit) for Interference (Minor) at 12:59, Max Pacioretty (Pit) for Hooking (Minor) at 17:00
Goalie Stats
Michal Neuvirth (Det), 35 saves from 37 shots - (0.946), W, 22-4-2, 60:00 minutes
Brian Elliott (Pit), 25 saves from 28 shots - (0.893), L, 16-10-3, 59:05 minutes
Players Stats for Red Wings
Player Name G A P +/- PIM S H SB GA TA FO MP PP MP PK MP
------------------------------------------------------------------------------------
Adam Henrique 0 0 0 -2 2 3 0 0 0 0 2/2 20:51 6:06 0:00
Ales Hemsky 0 0 0 1 0 1 0 0 0 0 0/0 7:36 0:45 0:00
Alex Picard 0 0 0 0 0 1 1 0 0 0 0/0 8:47 0:00 0:52
Brendan Bell 0 0 0 0 0 1 0 2 0 0 0/0 17:51 0:00 1:57
Brent Seabrook 0 1 1 0 0 2 4 0 4 0 0/0 28:40 9:52 2:01
Chris Kelly 0 0 0 0 0 2 2 0 1 0 5/11 9:32 0:59 0:23
Filip Kuba 0 0 0 0 0 0 1 1 1 0 0/0 18:43 4:38 2:01
Mike Richards 0 0 0 -2 0 0 3 1 1 1 11/24 20:52 6:45 0:00
Nate Thompson 0 1 1 1 0 3 0 0 0 0 3/5 6:51 0:00 0:00
Nino Niederreiter 0 0 0 0 2 2 2 1 0 0 0/0 11:13 1:01 1:00
Ole-Kristian Tollefsen 1 0 1 0 0 3 3 0 2 0 0/0 25:44 9:52 1:57
Phil Kessel 0 0 0 1 0 1 0 0 0 0 0/0 18:08 6:48 0:00
Philip Samuelsson 0 0 0 0 0 0 3 1 0 0 0/0 19:38 4:38 0:00
Rick Nash 0 0 0 -2 0 1 1 0 0 0 4/13 23:13 6:58 1:58
Robert Dome 1 0 1 1 0 1 1 0 0 0 0/0 6:59 0:00 0:08
Sean Bergenheim 1 1 2 1 0 4 1 0 1 0 0/1 20:52 7:20 1:34
Theo Peckham 0 0 0 0 0 0 0 0 0 2 0/0 9:24 0:00 0:00
Tyler Johnson 0 1 1 1 0 3 1 0 1 0 6/15 21:06 6:48 2:01
Players Stats for Penguins
Player Name G A P +/- PIM S H SB GA TA FO MP PP MP PK MP
------------------------------------------------------------------------------------
Andrew Cogliano 0 0 0 -1 2 4 2 1 0 1 2/3 23:15 2:01 5:10
Bobby Ryan 0 0 0 -1 2 3 0 1 0 0 2/2 24:25 2:01 6:27
Brayden Schenn 0 1 1 1 0 0 0 1 0 0 0/4 10:01 0:00 1:12
Brian McGrattan 0 1 1 1 2 1 1 0 0 0 0/1 8:55 0:00 0:00
D.J King 0 0 0 0 0 1 0 0 0 0 0/0 6:01 0:00 1:42
Dion Phaneuf 0 0 0 1 0 3 1 2 0 1 0/0 29:14 2:16 9:20
Dominic Moore 0 0 0 0 0 1 3 1 0 0 2/5 7:31 0:00 3:08
Duncan Keith 0 0 0 -2 0 0 1 1 0 0 0/0 20:55 1:42 5:10
Eric Gryba 0 1 1 1 0 1 2 0 0 2 0/0 10:20 0:00 0:29
Keith Aulie 0 0 0 -2 2 1 0 1 0 1 0/0 20:32 1:42 4:41
Max Pacioretty 1 0 1 1 2 5 2 0 0 1 0/0 9:36 0:00 0:32
Nikita Alexeev 0 0 0 0 0 2 0 0 0 0 0/0 4:19 0:00 0:00
Paul Ranger 0 1 1 1 4 0 2 1 0 0 0/0 9:53 0:00 0:00
Sam Gagner 0 0 0 0 0 0 2 0 0 0 10/16 14:01 1:57 0:00
Sean Zimmerman 0 0 0 1 0 0 0 0 1 2 0/0 29:14 2:16 9:20
Simon Gagné 1 0 1 0 0 4 1 0 1 0 0/0 14:01 1:57 0:00
Steve Downie 0 0 0 0 2 7 2 0 0 0 0/0 17:24 1:57 3:02
Steven Stamkos 0 0 0 -1 0 4 0 1 1 3 24/40 25:46 2:01 7:47
3 Stars
1 - Sean Bergenheim (Det)
2 - Michal Neuvirth (Det)
3 - Robert Dome (Det)
Power Play
Red Wings - 1 on 8 Attempt(s) - 12.50%
Penguins - 0 on 2 Attempt(s) - 0.00%
Penalty Kill
Red Wings - 2 on 2 Attempt(s) - 100.00%
- Score 0 goal in Penalty Kill
Penguins - 7 on 8 Attempt(s) - 87.50%
- Score 0 goal in Penalty Kill
Team Stat
Red Wings - Hits : 23 - Faceoff Wins : 31 - Blocked Shots : 6 - Penalty Minutes : 4
Penguins - Hits : 19 - Faceoff Wins : 40 - Blocked Shots : 10 - Penalty Minutes : 16
Official
Referees : Hasenfratz Mike and Marouelli Dan
Linesman : Tony Sericolo and Darren Gibbs
Game Notes
10:34 of 2nd period - Red Wings goal is going for a video replay. After video review, No Goal. The goalkeeper has been pushed into the net together with the puck after making a save.
Finance
Level 1 -- Attendance: 6000 (100.00%) -- Ticket Income $492,000
Level 2 -- Attendance: 4930 (98.60%) -- Ticket Income $221,850
Level 3 -- Attendance: 1994 (99.70%) -- Ticket Income $65,802
Level 4 -- Attendance: 4000 (100.00%) -- Ticket Income $100,000
Luxury Box -- Attendance: 923 (92.30%) -- Ticket Income $147,680
Game was played at the Igloo.
Total Attendance: 17847 (99.15%)
Total Ticket Income: $1,027,332
Other Income: $154,100
Total Income: $1,181,432
Red Wings
5 vs 5 Forward
Center Left Wing Right Wing Time % Phy DF OF
1 Mike Richards Adam Henrique Rick Nash 40 0 2 3
2 Tyler Johnson Sean Bergenheim Phil Kessel 33 0 2 3
3 Chris Kelly Alex Picard Nino Niederreiter 20 0 3 2
4 Nate Thompson Robert Dome Ales Hemsky 7 1 2 2
5 vs 5 Defense
Defense Defense Time % Phy DF OF
1 Brent Seabrook Brendan Bell 35 0 3 2
2 Philip Samuelsson Ole-Kristian Tollefsen 35 0 3 2
3 Filip Kuba Theo Peckham 20 0 3 2
4 Filip Kuba Brent Seabrook 10 0 3 2
PowerPlay Forward
Center Left Wing Right Wing Time % Phy DF OF
1 Rick Nash Sean Bergenheim Mike Richards 60 0 1 4
2 Tyler Johnson Adam Henrique Phil Kessel 40 0 1 4
PowerPlay Defense
Defense Defense Time % Phy DF OF
1 Ole-Kristian Tollefsen Brent Seabrook 60 0 2 3
2 Filip Kuba Philip Samuelsson 40 0 2 3
Penalty Kill 4 Players Forward
Center Wing Time % Phy DF OF
1 Tyler Johnson Nino Niederreiter 50 1 2 2
2 Rick Nash Sean Bergenheim 50 1 2 2
Penalty Kill 4 Players Defense
Defense Defense Time % Phy DF OF
1 Brent Seabrook Filip Kuba 50 1 2 2
2 Brendan Bell Ole-Kristian Tollefsen 50 1 2 2
Penalty Kill - 3 Players Forward
Forward Time % Phy DF OF
1 Sean Bergenheim 60 1 2 2
2 Nino Niederreiter 40 1 2 2
Penalty Kill - 3 Players Defense
Defense Defense Time % Phy DF OF
1 Filip Kuba Brent Seabrook 50 1 2 2
2 Brendan Bell Ole-Kristian Tollefsen 50 1 2 2
4 vs 4 Forward
Center Wing Time % Phy DF OF
1 Mike Richards Rick Nash 60 1 2 2
2 Tyler Johnson Phil Kessel 40 1 2 2
4 vs 4 Defense
Defense Defense Time % Phy DF OF
1 Brent Seabrook Filip Kuba 60 1 2 2
2 Ole-Kristian Tollefsen Philip Samuelsson 40 1 2 2
Last Minutes Offensive
Center Left Wing Right Wing Defense Defense
Mike Richards Rick Nash Phil Kessel Brent Seabrook Ole-Kristian Tollefsen
Last Minutes Defensive
Center Left Wing Right Wing Defense Defense
Tyler Johnson Sean Bergenheim Rick Nash Brent Seabrook Filip Kuba
Goaltenders
Starting : Michal Neuvirth
Backup : Ilya Bryzgalov
Extra Forwards
Normal : Rick Nash, Tyler Johnson, Nino Niederreiter - PP : Nino Niederreiter, Chris Kelly - PK : Rick Nash
Extra Defensemen
Normal : Brent Seabrook, Ole-Kristian Tollefsen, Philip Samuelsson - PP : Philip Samuelsson - PK : Philip Samuelsson, Theo Peckham
Penalty Shots
Rick Nash, Mike Richards, Phil Kessel, Brent Seabrook, Sean Bergenheim
Scratches
Jiri Fischer (Strained Left Knee Injury), Oleg Saprykin (Healthy)
Penguins
5 vs 5 Forward
Center Left Wing Right Wing Time % Phy DF OF
1 Steven Stamkos Andrew Cogliano Bobby Ryan 40 1 2 2
2 Sam Gagner Simon Gagné Steve Downie 30 1 2 2
3 Brayden Schenn Max Pacioretty Brian McGrattan 20 1 2 2
4 Dominic Moore D.J King Nikita Alexeev 10 1 2 2
5 vs 5 Defense
Defense Defense Time % Phy DF OF
1 Dion Phaneuf Sean Zimmerman 40 1 2 2
2 Duncan Keith Keith Aulie 30 1 2 2
3 Paul Ranger Eric Gryba 20 1 2 2
4 Dion Phaneuf Sean Zimmerman 10 1 2 2
PowerPlay Forward
Center Left Wing Right Wing Time % Phy DF OF
1 Steven Stamkos Andrew Cogliano Bobby Ryan 60 1 2 2
2 Sam Gagner Simon Gagné Steve Downie 40 1 2 2
PowerPlay Defense
Defense Defense Time % Phy DF OF
1 Dion Phaneuf Sean Zimmerman 60 1 2 2
2 Duncan Keith Keith Aulie 40 1 2 2
Penalty Kill 4 Players Forward
Center Wing Time % Phy DF OF
1 Steven Stamkos Bobby Ryan 60 1 2 2
2 Andrew Cogliano Steve Downie 40 1 2 2
Penalty Kill 4 Players Defense
Defense Defense Time % Phy DF OF
1 Dion Phaneuf Sean Zimmerman 60 1 2 2
2 Duncan Keith Keith Aulie 40 1 2 2
Penalty Kill - 3 Players Forward
Forward Time % Phy DF OF
1 Steven Stamkos 60 1 2 2
2 Bobby Ryan 40 1 2 2
Penalty Kill - 3 Players Defense
Defense Defense Time % Phy DF OF
1 Dion Phaneuf Sean Zimmerman 60 1 2 2
2 Duncan Keith Keith Aulie 40 1 2 2
4 vs 4 Forward
Center Wing Time % Phy DF OF
1 Steven Stamkos Bobby Ryan 60 1 2 2
2 Andrew Cogliano Steve Downie 40 1 2 2
4 vs 4 Defense
Defense Defense Time % Phy DF OF
1 Dion Phaneuf Sean Zimmerman 60 1 2 2
2 Duncan Keith Keith Aulie 40 1 2 2
Last Minutes Offensive
Center Left Wing Right Wing Defense Defense
Steven Stamkos Andrew Cogliano Bobby Ryan Dion Phaneuf Sean Zimmerman
Last Minutes Defensive
Center Left Wing Right Wing Defense Defense
Steven Stamkos Andrew Cogliano Bobby Ryan Dion Phaneuf Sean Zimmerman
Goaltenders
Starting : Brian Elliott
Backup : Josh Tordjman
Extra Forwards
Normal : Brian McGrattan, Brayden Schenn, Dominic Moore - PP : Brian McGrattan, Brayden Schenn - PK : Dominic Moore
Extra Defensemen
Normal : Paul Ranger, Eric Gryba, Duncan Keith - PP : Paul Ranger - PK : Eric Gryba, Duncan Keith
Penalty Shots
Steven Stamkos, Bobby Ryan, Andrew Cogliano, Steve Downie, Simon Gagné
Scratches
None
% Time on Ice - Red Wings
Lines # - Real PCT - Wanted PCT - Time Play
Normal Forward
1 - 35% - 40% - 14:10
2 - 29% - 33% - 11:39
3 - 20% - 20% - 7:55
4 - 17% - 7% - 6:51
Normal Defense
1 - 38% - 35% - 15:23
2 - 38% - 35% - 15:29
3 - 22% - 20% - 8:48
4 - 2% - 10% - 0:55
PP Forward
1 - 53% - 60% - 7:42
2 - 47% - 40% - 6:48
PP Defense
1 - 68% - 60% - 9:52
2 - 32% - 40% - 4:38
PK Forward
1 - 59% - 50% - 2:21
2 - 41% - 50% - 1:37
PK Defense
1 - 51% - 50% - 2:01
2 - 49% - 50% - 1:57
PK3 Forward
1 - 0% - 60%
2 - 0% - 40%
PK3 Defense
1 - 0% - 50%
2 - 0% - 50%
44 Forward
1 - 0% - 60%
2 - 0% - 40%
44 Defense
1 - 0% - 60%
2 - 0% - 40%
Last Minute Offensive - 0:00
Last Minute Defensive - 0:57
Total
Forward - 60:00
Defense - 60:00
|
% Time on Ice - Penguins
Lines # - Real PCT - Wanted PCT - Time Play
Normal Forward
1 - 37% - 40% - 15:14
2 - 30% - 30% - 12:22
3 - 22% - 20% - 8:49
4 - 11% - 10% - 4:19
Normal Defense
1 - 39% - 40% - 16:05
2 - 34% - 30% - 14:03
3 - 24% - 20% - 9:51
4 - 2% - 10% - 0:45
PP Forward
1 - 51% - 60% - 2:01
2 - 49% - 40% - 1:57
PP Defense
1 - 57% - 60% - 2:16
2 - 43% - 40% - 1:42
PK Forward
1 - 75% - 60% - 10:53
2 - 25% - 40% - 3:37
PK Defense
1 - 64% - 60% - 9:20
2 - 36% - 40% - 5:10
PK3 Forward
1 - 0% - 60%
2 - 0% - 40%
PK3 Defense
1 - 0% - 60%
2 - 0% - 40%
44 Forward
1 - 0% - 60%
2 - 0% - 40%
44 Defense
1 - 0% - 60%
2 - 0% - 40%
Last Minute Offensive - 0:48
Last Minute Defensive - 0:00
Total
Forward - 60:00
Defense - 60:00
|
Play by Play
1st period
0:01 of 1st period - Mike Richards wins face-off versus Steven Stamkos in neutral zone.
0:52 of 1st period - Snap shot by Chris Kelly.
0:52 of 1st period - Stopped by Brian Elliott without a rebound.
0:53 of 1st period - Chris Kelly wins face-off versus Brayden Schenn in Penguins zone.
0:54 of 1st period - Snap shot by Nino Niederreiter.
0:54 of 1st period - Shot Misses the Net.
1:02 of 1st period - Snap shot by Alex Picard.
1:02 of 1st period - Stopped by Brian Elliott without a rebound.
1:03 of 1st period - Mike Richards wins face-off versus Dominic Moore in Penguins zone.
1:14 of 1st period - Filip Kuba is hit by Duncan Keith and loses puck.
1:21 of 1st period - Duncan Keith is hit by Brent Seabrook and loses puck.
1:38 of 1st period - Slapshot by Steven Stamkos.
1:38 of 1st period - Shot Misses the Net.
2:03 of 1st period - Wrist shot by Sean Bergenheim.
2:03 of 1st period - Goal by Sean Bergenheim - Red Wings : 1 - Penguins : 0.
2:04 of 1st period - Chris Kelly wins face-off versus Brayden Schenn in neutral zone.
2:17 of 1st period - Snap shot by Alex Picard.
2:17 of 1st period - Shot Blocked by Paul Ranger.
2:35 of 1st period - Snap shot by Andrew Cogliano.
2:35 of 1st period - Stopped by Michal Neuvirth with a rebound.
2:37 of 1st period - Snap shot by Bobby Ryan.
2:37 of 1st period - Shot Misses the Net.
2:39 of 1st period - Wrist shot by Andrew Cogliano.
2:39 of 1st period - Shot Misses the Net.
2:41 of 1st period - Snap shot by Andrew Cogliano.
2:41 of 1st period - Shot Blocked by Brendan Bell.
2:53 of 1st period - Slapshot by Sean Bergenheim.
2:53 of 1st period - Shot Misses the Net.
2:55 of 1st period - Snap shot by Sean Bergenheim.
2:55 of 1st period - Shot Misses the Net.
2:57 of 1st period - Slapshot by Brent Seabrook.
2:57 of 1st period - Shot Blocked by Dion Phaneuf.
3:26 of 1st period - Slapshot by Dion Phaneuf.
3:26 of 1st period - Stopped by Michal Neuvirth with a rebound.
3:41 of 1st period - Snap shot by Max Pacioretty.
3:41 of 1st period - Stopped by Michal Neuvirth without a rebound.
3:42 of 1st period - Chris Kelly wins face-off versus Steven Stamkos in Red Wings zone.
4:39 of 1st period - Wrist shot by Phil Kessel.
4:39 of 1st period - Deflect By Sean Bergenheim.
4:39 of 1st period - Shot Misses the Net.
4:39 of 1st period - Puck is out of play.
4:40 of 1st period - Mike Richards wins face-off versus Steven Stamkos in Penguins zone.
5:07 of 1st period - Brendan Bell is hit by Dion Phaneuf and loses puck.
5:28 of 1st period - Brian McGrattan is hit by Nino Niederreiter and loses puck.
5:33 of 1st period - Slapshot by Chris Kelly.
5:33 of 1st period - Stopped by Brian Elliott without a rebound.
5:34 of 1st period - Mike Richards wins face-off versus Steven Stamkos in Penguins zone.
6:01 of 1st period - Sean Bergenheim is hit by Steve Downie.
6:11 of 1st period - Wrist shot by Sean Bergenheim.
6:11 of 1st period - Shot Misses the Net.
6:21 of 1st period - Nino Niederreiter is hit by Brian McGrattan and loses puck.
6:33 of 1st period - Wrist shot by Brian McGrattan.
6:33 of 1st period - Stopped by Michal Neuvirth with a rebound.
6:44 of 1st period - Off-side.
6:45 of 1st period - Nate Thompson wins face-off versus Dominic Moore in neutral zone.
6:48 of 1st period - Dominic Moore is hit by Robert Dome and loses puck.
6:54 of 1st period - Off-side.
6:55 of 1st period - Steven Stamkos wins face-off versus Mike Richards in neutral zone.
7:05 of 1st period - Slapshot by Andrew Cogliano.
7:05 of 1st period - Stopped by Michal Neuvirth without a rebound.
7:06 of 1st period - Andrew Cogliano wins face-off versus Mike Richards in Red Wings zone.
7:15 of 1st period - Wrist shot by Andrew Cogliano.
7:15 of 1st period - Shot Misses the Net.
7:33 of 1st period - Sean Zimmerman is hit by Philip Samuelsson and loses puck.
7:52 of 1st period - Keith Aulie is hit by Ole-Kristian Tollefsen and loses puck.
7:59 of 1st period - Ole-Kristian Tollefsen is hit by Max Pacioretty and loses puck.
8:12 of 1st period - Nino Niederreiter is hit by Paul Ranger and loses puck.
8:51 of 1st period - Snap shot by Sam Gagner.
8:51 of 1st period - Shot Misses the Net.
9:11 of 1st period - Philip Samuelsson is hit by Andrew Cogliano and loses puck.
9:44 of 1st period - Snap shot by Brayden Schenn.
9:44 of 1st period - Deflect By Max Pacioretty.
9:44 of 1st period - Stopped by Michal Neuvirth with a rebound.
9:46 of 1st period - Snap shot by Max Pacioretty.
9:46 of 1st period - Goal by Max Pacioretty - Red Wings : 1 - Penguins : 1.
9:47 of 1st period - Mike Richards wins face-off versus Steven Stamkos in neutral zone.
9:52 of 1st period - Snap shot by Adam Henrique.
9:52 of 1st period - Stopped by Brian Elliott without a rebound.
9:53 of 1st period - Mike Richards wins face-off versus Steven Stamkos in Penguins zone.
11:14 of 1st period - Slapshot by Dominic Moore.
11:14 of 1st period - Stopped by Michal Neuvirth without a rebound.
11:15 of 1st period - Steven Stamkos wins face-off versus Mike Richards in Red Wings zone.
11:16 of 1st period - Wrist shot by Andrew Cogliano.
11:16 of 1st period - Shot Blocked by Mike Richards.
11:43 of 1st period - Minor Penalty to Steve Downie for Goalie Interference.
11:44 of 1st period - Rick Nash wins face-off versus Steven Stamkos in Penguins zone.
11:54 of 1st period - Wrist shot by Sean Bergenheim.
11:54 of 1st period - Shot Misses the Net.
12:40 of 1st period - Sean Bergenheim is hit by Andrew Cogliano and loses puck.
12:53 of 1st period - Steven Stamkos is hit by Philip Samuelsson and loses puck.
13:43 of 1st period - Penalty to Steve Downie is over, Steve Downie is back on ice.
13:52 of 1st period - Duncan Keith is hit by Philip Samuelsson and loses puck.
14:21 of 1st period - Brendan Bell is hit by Sam Gagner and loses puck.
15:07 of 1st period - Icing by Duncan Keith.
15:08 of 1st period - Mike Richards wins face-off versus Sam Gagner in Penguins zone.
15:09 of 1st period - Slapshot by Adam Henrique.
15:09 of 1st period - Stopped by Brian Elliott without a rebound.
15:10 of 1st period - Steven Stamkos wins face-off versus Mike Richards in Penguins zone.
15:31 of 1st period - Snap shot by Rick Nash.
15:31 of 1st period - Stopped by Brian Elliott with a rebound.
15:33 of 1st period - Minor Penalty to Paul Ranger for Diving.
15:34 of 1st period - Steven Stamkos wins face-off versus Rick Nash in Penguins zone.
16:10 of 1st period - Duncan Keith is hit by Tyler Johnson.
16:28 of 1st period - Icing by Brent Seabrook.
16:29 of 1st period - Steven Stamkos wins face-off versus Tyler Johnson in Red Wings zone.
16:34 of 1st period - Wrist shot by Steven Stamkos.
16:34 of 1st period - Stopped by Michal Neuvirth with a rebound.
17:33 of 1st period - Penalty to Paul Ranger is over, Paul Ranger is back on ice.
17:49 of 1st period - Slapshot by Max Pacioretty.
17:49 of 1st period - Stopped by Michal Neuvirth without a rebound.
17:50 of 1st period - Sam Gagner wins face-off versus Chris Kelly in Red Wings zone.
18:15 of 1st period - Robert Dome is hit by Max Pacioretty and loses puck.
18:20 of 1st period - Snap shot by Max Pacioretty.
18:20 of 1st period - Deflect By Brayden Schenn.
18:20 of 1st period - Shot Misses the Net.
18:20 of 1st period - Puck is out of play.
18:21 of 1st period - Steven Stamkos wins face-off versus Nate Thompson in Red Wings zone.
18:26 of 1st period - Snap shot by Steven Stamkos.
18:26 of 1st period - Shot Misses the Net.
18:37 of 1st period - Keith Aulie is hit by Filip Kuba and loses puck.
18:48 of 1st period - Snap shot by Steve Downie.
18:48 of 1st period - Deflect By Simon Gagné.
18:48 of 1st period - Stopped by Michal Neuvirth without a rebound.
18:49 of 1st period - Sam Gagner wins face-off versus Chris Kelly in Red Wings zone.
18:50 of 1st period - Snap shot by Steve Downie.
18:50 of 1st period - Stopped by Michal Neuvirth with a rebound.
18:52 of 1st period - Slapshot by Sean Zimmerman.
18:52 of 1st period - Shot Blocked by Brendan Bell.
18:54 of 1st period - Slapshot by Steve Downie.
18:54 of 1st period - Stopped by Michal Neuvirth without a rebound.
18:55 of 1st period - Steven Stamkos wins face-off versus Chris Kelly in Red Wings zone.
18:56 of 1st period - Wrist shot by Bobby Ryan.
18:56 of 1st period - Stopped by Michal Neuvirth without a rebound.
18:57 of 1st period - Andrew Cogliano wins face-off versus Chris Kelly in Red Wings zone.
19:25 of 1st period - Snap shot by Phil Kessel.
19:25 of 1st period - Shot Misses the Net.
19:27 of 1st period - Snap shot by Sean Bergenheim.
19:27 of 1st period - Stopped by Brian Elliott with a rebound.
19:31 of 1st period - Backhand shot by Phil Kessel.
19:31 of 1st period - Shot Misses the Net.
19:35 of 1st period - Wrist shot by Tyler Johnson.
19:35 of 1st period - Shot Misses the Net.
19:37 of 1st period - Snap shot by Sean Bergenheim.
19:37 of 1st period - Deflect By Phil Kessel.
19:37 of 1st period - Shot Misses the Net.
19:37 of 1st period - Puck is out of play.
19:38 of 1st period - Mike Richards wins face-off versus Sam Gagner in Penguins zone.
19:45 of 1st period - Slapshot by Adam Henrique.
19:45 of 1st period - Shot Misses the Net.
Goals for this period are 1 for Red Wings vs 1 for Penguins.
Shots for this period are 8 for Red Wings vs 14 for Penguins.
0:00 of 2nd period - Minor Penalty to Keith Aulie for Goalie Interference.
2nd period
0:01 of 2nd period - Steven Stamkos wins face-off versus Rick Nash in neutral zone.
0:27 of 2nd period - Icing by Ole-Kristian Tollefsen.
0:28 of 2nd period - Tyler Johnson wins face-off versus Andrew Cogliano in Red Wings zone.
0:55 of 2nd period - Mike Richards is hit by Eric Gryba and loses puck.
1:18 of 2nd period - Wrist shot by Tyler Johnson.
1:18 of 2nd period - Stopped by Brian Elliott without a rebound.
1:19 of 2nd period - Bobby Ryan wins face-off versus Tyler Johnson in Penguins zone.
1:42 of 2nd period - Steven Stamkos is hit by Brent Seabrook and loses puck.
1:55 of 2nd period - Sean Zimmerman is hit by Rick Nash.
2:00 of 2nd period - Penalty to Keith Aulie is over, Keith Aulie is back on ice.
2:05 of 2nd period - Snap shot by Andrew Cogliano.
2:05 of 2nd period - Stopped by Michal Neuvirth without a rebound.
2:06 of 2nd period - Tyler Johnson wins face-off versus Brian McGrattan in Red Wings zone.
2:38 of 2nd period - Snap shot by Ole-Kristian Tollefsen.
2:38 of 2nd period - Stopped by Brian Elliott with a rebound.
2:55 of 2nd period - Off-side.
2:56 of 2nd period - Steven Stamkos wins face-off versus Chris Kelly in neutral zone.
3:13 of 2nd period - Snap shot by Bobby Ryan.
3:13 of 2nd period - Shot Hit the Post.
3:15 of 2nd period - Slapshot by Paul Ranger.
3:15 of 2nd period - Deflect By Steven Stamkos.
3:15 of 2nd period - Shot Misses the Net.
3:15 of 2nd period - Puck is out of play.
3:16 of 2nd period - Sam Gagner wins face-off versus Rick Nash in Red Wings zone.
3:29 of 2nd period - Slapshot by Ole-Kristian Tollefsen.
3:29 of 2nd period - Stopped by Brian Elliott with a rebound.
3:48 of 2nd period - Wrist shot by Dion Phaneuf.
3:48 of 2nd period - Stopped by Michal Neuvirth with a rebound.
4:37 of 2nd period - Wrist shot by Robert Dome.
4:37 of 2nd period - Shot Misses the Net.
4:51 of 2nd period - Slapshot by Paul Ranger.
4:51 of 2nd period - Deflect By Simon Gagné.
4:51 of 2nd period - Goal by Simon Gagné - Red Wings : 1 - Penguins : 2.
4:52 of 2nd period - Adam Henrique wins face-off versus Steven Stamkos in neutral zone.
5:22 of 2nd period - Wrist shot by Sean Bergenheim.
5:22 of 2nd period - Stopped by Brian Elliott with a rebound.
5:24 of 2nd period - Snap shot by Tyler Johnson.
5:24 of 2nd period - Stopped by Brian Elliott without a rebound.
5:25 of 2nd period - Sam Gagner wins face-off versus Tyler Johnson in Penguins zone.
5:38 of 2nd period - Snap shot by Simon Gagné.
5:38 of 2nd period - Stopped by Michal Neuvirth with a rebound.
5:40 of 2nd period - Snap shot by Keith Aulie.
5:40 of 2nd period - Stopped by Michal Neuvirth with a rebound.
5:50 of 2nd period - Duncan Keith is hit by Brent Seabrook and loses puck.
6:00 of 2nd period - Wrist shot by Steven Stamkos.
6:00 of 2nd period - Deflect By Bobby Ryan.
6:00 of 2nd period - Stopped by Michal Neuvirth without a rebound.
6:01 of 2nd period - Sam Gagner wins face-off versus Mike Richards in Red Wings zone.
6:02 of 2nd period - Wrist shot by Steve Downie.
6:02 of 2nd period - Deflect By Ole-Kristian Tollefsen.
6:02 of 2nd period - Stopped by Michal Neuvirth with a rebound.
6:28 of 2nd period - Simon Gagné is hit by Nino Niederreiter and loses puck.
6:33 of 2nd period - Wrist shot by Nino Niederreiter.
6:33 of 2nd period - Stopped by Brian Elliott without a rebound.
6:34 of 2nd period - Chris Kelly wins face-off versus Steven Stamkos in Penguins zone.
6:45 of 2nd period - Wrist shot by Steven Stamkos.
6:45 of 2nd period - Shot Misses the Net.
6:47 of 2nd period - Minor Penalty to Nino Niederreiter for Tripping.
6:48 of 2nd period - Steven Stamkos wins face-off versus Tyler Johnson in Red Wings zone.
8:47 of 2nd period - Penalty to Nino Niederreiter is over, Nino Niederreiter is back on ice.
8:47 of 2nd period - Simon Gagné is hit by Ole-Kristian Tollefsen and loses puck.
9:01 of 2nd period - Ole-Kristian Tollefsen is hit by Eric Gryba and loses puck.
9:50 of 2nd period - Slapshot by Theo Peckham.
9:50 of 2nd period - Shot Misses the Net.
9:52 of 2nd period - Wrist shot by Chris Kelly.
9:52 of 2nd period - Shot Misses the Net.
10:28 of 2nd period - Snap shot by Phil Kessel.
10:28 of 2nd period - Stopped by Brian Elliott without a rebound.
10:29 of 2nd period - Nate Thompson wins face-off versus Sam Gagner in Penguins zone.
10:32 of 2nd period - Wrist shot by Nate Thompson.
10:32 of 2nd period - Shot Blocked by Duncan Keith.
10:34 of 2nd period - Snap shot by Nate Thompson.
10:34 of 2nd period - Red Wings goal is going for a video replay.
10:34 of 2nd period - The goal is refused. The goalkeeper has been pushed into the net together with the puck after making a save..
10:35 of 2nd period - Sam Gagner wins face-off versus Nate Thompson in Penguins zone.
11:14 of 2nd period - Wrist shot by Nate Thompson.
11:14 of 2nd period - Shot Misses the Net.
11:20 of 2nd period - Wrist shot by Ales Hemsky.
11:20 of 2nd period - Stopped by Brian Elliott without a rebound.
11:21 of 2nd period - Steven Stamkos wins face-off versus Mike Richards in Penguins zone.
11:30 of 2nd period - Wrist shot by Steven Stamkos.
11:30 of 2nd period - Stopped by Michal Neuvirth with a rebound.
11:57 of 2nd period - Minor Penalty to Brian McGrattan for Holding.
11:58 of 2nd period - Steven Stamkos wins face-off versus Rick Nash in Penguins zone.
13:57 of 2nd period - Penalty to Brian McGrattan is over, Brian McGrattan is back on ice.
14:15 of 2nd period - Snap shot by Steve Downie.
14:15 of 2nd period - Stopped by Michal Neuvirth with a rebound.
14:17 of 2nd period - Snap shot by Simon Gagné.
14:17 of 2nd period - Shot Blocked by Filip Kuba.
14:19 of 2nd period - Slapshot by Paul Ranger.
14:19 of 2nd period - Shot Misses the Net.
14:37 of 2nd period - Snap shot by Nino Niederreiter.
14:37 of 2nd period - Stopped by Brian Elliott without a rebound.
14:38 of 2nd period - Tyler Johnson wins face-off versus Sam Gagner in Penguins zone.
14:41 of 2nd period - Wrist shot by Tyler Johnson.
14:41 of 2nd period - Deflect By Phil Kessel.
14:41 of 2nd period - Shot Misses the Net.
14:41 of 2nd period - Puck is out of play.
14:42 of 2nd period - Tyler Johnson wins face-off versus Sam Gagner in Penguins zone.
15:14 of 2nd period - Wrist shot by Brent Seabrook.
15:14 of 2nd period - Shot Blocked by Keith Aulie.
15:16 of 2nd period - Slapshot by Brent Seabrook.
15:16 of 2nd period - Stopped by Brian Elliott without a rebound.
15:17 of 2nd period - Steven Stamkos wins face-off versus Mike Richards in Penguins zone.
16:20 of 2nd period - Wrist shot by Adam Henrique.
16:20 of 2nd period - Shot Misses the Net.
16:22 of 2nd period - Snap shot by Mike Richards.
16:22 of 2nd period - Shot Misses the Net.
16:24 of 2nd period - Backhand shot by Filip Kuba.
16:24 of 2nd period - Shot Blocked by Andrew Cogliano.
16:57 of 2nd period - Sean Zimmerman is hit by Mike Richards and loses puck.
17:14 of 2nd period - Backhand shot by Adam Henrique.
17:14 of 2nd period - Stopped by Brian Elliott with a rebound.
17:18 of 2nd period - Slapshot by Adam Henrique.
17:18 of 2nd period - Shot Blocked by Steven Stamkos.
17:20 of 2nd period - Slapshot by Rick Nash.
17:20 of 2nd period - Deflect By Mike Richards.
17:20 of 2nd period - Shot Misses the Net.
17:20 of 2nd period - Puck is out of play.
17:21 of 2nd period - Tyler Johnson wins face-off versus Sam Gagner in Penguins zone.
17:30 of 2nd period - Sean Bergenheim is hit by Simon Gagné and loses puck.
17:56 of 2nd period - Minor Penalty to Paul Ranger for Slashing.
17:57 of 2nd period - Dominic Moore wins face-off versus Tyler Johnson in Penguins zone.
18:05 of 2nd period - Slapshot by Ole-Kristian Tollefsen.
18:05 of 2nd period - Shot Blocked by Dominic Moore.
18:41 of 2nd period - Keith Aulie is hit by Chris Kelly and loses puck.
19:52 of 2nd period - Steven Stamkos is hit by Mike Richards.
19:56 of 2nd period - Penalty to Paul Ranger is over, Paul Ranger is back on ice.
Goals for this period are 0 for Red Wings vs 1 for Penguins.
Shots for this period are 12 for Red Wings vs 9 for Penguins.
3rd period
0:01 of 3rd period - Mike Richards wins face-off versus Steven Stamkos in neutral zone.
0:10 of 3rd period - Slapshot by Brendan Bell.
0:10 of 3rd period - Stopped by Brian Elliott without a rebound.
0:11 of 3rd period - Adam Henrique wins face-off versus Steven Stamkos in Penguins zone.
0:38 of 3rd period - Andrew Cogliano is hit by Alex Picard.
0:44 of 3rd period - Snap shot by Chris Kelly.
0:44 of 3rd period - Shot Misses the Net.
0:54 of 3rd period - Snap shot by Steven Stamkos.
0:54 of 3rd period - Stopped by Michal Neuvirth without a rebound.
0:55 of 3rd period - Sam Gagner wins face-off versus Tyler Johnson in Red Wings zone.
1:06 of 3rd period - Slapshot by Tyler Johnson.
1:06 of 3rd period - Stopped by Brian Elliott with a rebound.
1:20 of 3rd period - Wrist shot by Max Pacioretty.
1:20 of 3rd period - Stopped by Michal Neuvirth with a rebound.
1:22 of 3rd period - Snap shot by Brian McGrattan.
1:22 of 3rd period - Shot Blocked by Philip Samuelsson.
1:24 of 3rd period - Backhand shot by Eric Gryba.
1:24 of 3rd period - Stopped by Michal Neuvirth without a rebound.
1:25 of 3rd period - Sam Gagner wins face-off versus Mike Richards in Red Wings zone.
2:44 of 3rd period - Snap shot by Nate Thompson.
2:44 of 3rd period - Stopped by Brian Elliott without a rebound.
2:45 of 3rd period - Steven Stamkos wins face-off versus Sean Bergenheim in Penguins zone.
3:12 of 3rd period - Phil Kessel is hit by Dominic Moore and loses puck.
3:25 of 3rd period - Wrist shot by Dominic Moore.
3:25 of 3rd period - Deflect By Nikita Alexeev.
3:25 of 3rd period - Shot Misses the Net.
3:25 of 3rd period - Puck is out of play.
3:26 of 3rd period - Steven Stamkos wins face-off versus Mike Richards in Red Wings zone.
3:46 of 3rd period - Minor Penalty to Bobby Ryan for High sticking.
3:47 of 3rd period - Steven Stamkos wins face-off versus Rick Nash in Penguins zone.
3:56 of 3rd period - Steven Stamkos is hit by Sean Bergenheim and loses puck.
4:34 of 3rd period - Icing by Rick Nash.
4:35 of 3rd period - Rick Nash wins face-off versus Dominic Moore in Red Wings zone.
4:35 of 3rd period - Rick Nash is hit by Dominic Moore.
5:46 of 3rd period - Penalty to Bobby Ryan is over, Bobby Ryan is back on ice.
7:23 of 3rd period - Duncan Keith is hit by Ole-Kristian Tollefsen and loses puck.
7:28 of 3rd period - Slapshot by Brent Seabrook.
7:28 of 3rd period - Deflect By Robert Dome.
7:28 of 3rd period - Goal by Robert Dome - Red Wings : 2 - Penguins : 2.
7:29 of 3rd period - Bobby Ryan wins face-off versus Mike Richards in neutral zone.
7:31 of 3rd period - Off-side.
7:32 of 3rd period - Mike Richards wins face-off versus Steven Stamkos in neutral zone.
7:35 of 3rd period - Slapshot by Brent Seabrook.
7:35 of 3rd period - Shot Misses the Net.
7:41 of 3rd period - Snap shot by Sean Zimmerman.
7:41 of 3rd period - Shot Misses the Net.
7:43 of 3rd period - Wrist shot by Bobby Ryan.
7:43 of 3rd period - Stopped by Michal Neuvirth with a rebound.
7:45 of 3rd period - Wrist shot by Steven Stamkos.
7:45 of 3rd period - Shot Misses the Net.
7:47 of 3rd period - Slapshot by Dion Phaneuf.
7:47 of 3rd period - Stopped by Michal Neuvirth with a rebound.
8:27 of 3rd period - Snap shot by Nikita Alexeev.
8:27 of 3rd period - Stopped by Michal Neuvirth without a rebound.
8:28 of 3rd period - Dominic Moore wins face-off versus Mike Richards in Red Wings zone.
8:29 of 3rd period - Wrist shot by Nikita Alexeev.
8:29 of 3rd period - Stopped by Michal Neuvirth without a rebound.
8:30 of 3rd period - Steven Stamkos wins face-off versus Mike Richards in Red Wings zone.
8:42 of 3rd period - Minor Penalty to Adam Henrique for Checking from behind.
8:43 of 3rd period - Steven Stamkos wins face-off versus Rick Nash in Red Wings zone.
10:42 of 3rd period - Penalty to Adam Henrique is over, Adam Henrique is back on ice.
10:58 of 3rd period - Wrist shot by Robert Dome.
10:58 of 3rd period - Deflect By Nate Thompson.
10:58 of 3rd period - Shot Blocked by Brayden Schenn.
10:58 of 3rd period - Puck is out of play.
10:59 of 3rd period - Nate Thompson wins face-off versus Brayden Schenn in Penguins zone.
11:00 of 3rd period - Wrist shot by Ales Hemsky.
11:00 of 3rd period - Shot Misses the Net.
11:24 of 3rd period - Robert Dome is hit by Paul Ranger.
11:36 of 3rd period - Wrist shot by Nate Thompson.
11:36 of 3rd period - Stopped by Brian Elliott without a rebound.
11:37 of 3rd period - Steven Stamkos wins face-off versus Rick Nash in Penguins zone.
12:12 of 3rd period - Snap shot by Steve Downie.
12:12 of 3rd period - Stopped by Michal Neuvirth without a rebound.
12:13 of 3rd period - Sam Gagner wins face-off versus Mike Richards in Red Wings zone.
12:35 of 3rd period - Icing by Steve Downie.
12:36 of 3rd period - Steven Stamkos wins face-off versus Tyler Johnson in Penguins zone.
12:36 of 3rd period - Steven Stamkos is hit by Brent Seabrook.
12:59 of 3rd period - Minor Penalty to Andrew Cogliano for Interference.
13:00 of 3rd period - Steven Stamkos wins face-off versus Rick Nash in Penguins zone.
13:00 of 3rd period - Steven Stamkos is hit by Mike Richards.
13:07 of 3rd period - Icing by Sean Bergenheim.
13:08 of 3rd period - Rick Nash wins face-off versus Steven Stamkos in Red Wings zone.
13:15 of 3rd period - Slapshot by Brent Seabrook.
13:15 of 3rd period - Shot Blocked by Bobby Ryan.
13:17 of 3rd period - Snap shot by Brent Seabrook.
13:17 of 3rd period - Stopped by Brian Elliott with a rebound.
13:19 of 3rd period - Slapshot by Ole-Kristian Tollefsen.
13:19 of 3rd period - Shot Blocked by Dion Phaneuf.
13:21 of 3rd period - Slapshot by Ole-Kristian Tollefsen.
13:21 of 3rd period - Deflect By Rick Nash.
13:21 of 3rd period - Shot Misses the Net.
13:21 of 3rd period - Puck is out of play.
13:22 of 3rd period - Steven Stamkos wins face-off versus Rick Nash in Penguins zone.
13:35 of 3rd period - Slapshot by Ole-Kristian Tollefsen.
13:35 of 3rd period - Goal by Ole-Kristian Tollefsen - Red Wings : 3 - Penguins : 2.
13:36 of 3rd period - Mike Richards wins face-off versus Steven Stamkos in neutral zone.
13:45 of 3rd period - Slapshot by Bobby Ryan.
13:45 of 3rd period - Shot Misses the Net.
14:03 of 3rd period - Tyler Johnson is hit by Sam Gagner.
14:06 of 3rd period - Icing by Phil Kessel.
14:07 of 3rd period - Sam Gagner wins face-off versus Tyler Johnson in Red Wings zone.
14:34 of 3rd period - Backhand shot by Sean Bergenheim.
14:34 of 3rd period - Stopped by Brian Elliott with a rebound.
14:46 of 3rd period - Phil Kessel is hit by Steve Downie and loses puck.
15:25 of 3rd period - Wrist shot by Steve Downie.
15:25 of 3rd period - Stopped by Michal Neuvirth with a rebound.
15:27 of 3rd period - Wrist shot by Steve Downie.
15:27 of 3rd period - Deflect By Simon Gagné.
15:27 of 3rd period - Stopped by Michal Neuvirth with a rebound.
15:29 of 3rd period - Snap shot by Steve Downie.
15:29 of 3rd period - Stopped by Michal Neuvirth without a rebound.
15:30 of 3rd period - Chris Kelly wins face-off versus Brayden Schenn in Red Wings zone.
15:56 of 3rd period - Mike Richards is hit by Dominic Moore and loses puck.
16:09 of 3rd period - Wrist shot by D.J King.
16:09 of 3rd period - Stopped by Michal Neuvirth without a rebound.
16:10 of 3rd period - Steven Stamkos wins face-off versus Chris Kelly in Red Wings zone.
17:00 of 3rd period - Minor Penalty to Max Pacioretty for Hooking.
17:01 of 3rd period - Rick Nash wins face-off versus Steven Stamkos in Penguins zone.
18:58 of 3rd period - Steve Downie is hit by Chris Kelly and loses puck.
19:00 of 3rd period - Penalty to Max Pacioretty is over, Max Pacioretty is back on ice.
19:05 of 3rd period - Penguins, Brian Elliott is pulled from the net.
19:07 of 3rd period - Slapshot by Steve Downie.
19:07 of 3rd period - Shot Misses the Net.
19:09 of 3rd period - Slapshot by Sean Zimmerman.
19:09 of 3rd period - Shot Misses the Net.
19:11 of 3rd period - Wrist shot by Andrew Cogliano.
19:11 of 3rd period - Stopped by Michal Neuvirth without a rebound.
19:12 of 3rd period - Bryan Murray call a timeout for Penguins.
19:12 of 3rd period - Steven Stamkos wins face-off versus Tyler Johnson in Red Wings zone.
19:27 of 3rd period - Wrist shot by Steven Stamkos.
19:27 of 3rd period - Shot Misses the Net.
19:29 of 3rd period - Slapshot by Steven Stamkos.
19:29 of 3rd period - Shot Blocked by Nino Niederreiter.
19:31 of 3rd period - Slapshot by Steven Stamkos.
19:31 of 3rd period - Stopped by Michal Neuvirth without a rebound.
19:32 of 3rd period - Tyler Johnson wins face-off versus Steven Stamkos in Red Wings zone.
19:55 of 3rd period - Slapshot by Bobby Ryan.
19:55 of 3rd period - Shot Misses the Net.
Goals for this period are 2 for Red Wings vs 0 for Penguins.
Shots for this period are 8 for Red Wings vs 14 for Penguins.
Back to the Top